 Dungeon Crawl Stone Soup version 0.24.0-13-gcf9b319 (webtiles) character file.

Game seed: 6153695350605435103, levelgen mode: deterministic

23 ClockworkOrrery the Magician (level 2, 0/18 HPs)
             Began as a Gargoyle Wizard on Feb 2, 2020.
             Slain by a bat (1 damage)
             ... on level 2 of the Dungeon.
             The game lasted 00:03:28 (1723 turns).

ClockworkOrrery the Magician (Gargoyle Wizard)      Turns: 1723, Time: 00:03:28

Health: 0/18       AC:  7    Str: 10    XL:     2   Next: 95%
Magic:  0/6        EV: 12    Int: 18    God:
Gold:   57         SH:  0    Dex:  8    Spells: 6/7 levels left

rFire    . . .     SeeInvis .   n - +0 hunting sling
rCold    . . .     Gourm    .   (no shield)
rNeg     + . .     Faith    .   a - +0 robe
rPois    ∞         Spirit   .   b - +0 hat
rElec    +         Reflect  .   (no cloak)
rCorr    +         Harm     .   (no gloves)
MR       .....                  g - +2 pair of boots
Stlth    ++........             (no amulet)
HPRegen  0.06/turn              j - ring of resist corrosion
MPRegen  0.10/turn              (no ring)

@: very slightly contaminated
A: negative energy resistance 1, electricity resistance, unbreathing,
petrification resistance, rot immunity, AC +2
a: no special abilities


You were on level 2 of the Dungeon.
You were not hungry.

You visited 1 branch of the dungeon, and saw 2 of its levels.

You collected 57 gold pieces.

Inventory:

Hand Weapons
 n - a +0 hunting sling (weapon)
Missiles
 f - 41 stones (quivered)
Armour
 a - a +0 robe (worn)
 b - a +0 hat (worn)
 g - a +2 pair of boots (worn)
Jewellery
 j - a ring of resist corrosion (left hand)
Scrolls
 c - 2 scrolls of identify {unknown}
 e - a scroll of remove curse {unknown}
 k - 2 scrolls of teleportation {unknown}
 m - a scroll of enchant armour {unknown}
Potions
 h - a potion of degeneration {unknown}
 i - 2 potions of lignification {unknown}
Comestibles
 d - 5 rations


   Skills:
 * Level 2.7 Fighting
 - Level 1.5 Dodging
 - Level 2.1 Stealth
 - Level 3.0 Spellcasting
 - Level 1.1 Conjurations
   Level 0.8 Summonings
   Level 0.8 Translocations


You had 6 spell levels left.
You knew the following spells:

 Your Spells              Type           Power        Failure   Level  Hunger
a - Magic Dart            Conj           #...         11%         1    None

Your spell library contained the following spells:

 Spells                   Type           Power        Failure   Level  Hunger
 Blink                    Tloc           N/A          17%         2    ##.....
 Call Imp                 Summ           #.......     17%         2    ##.....
 Slow                     Hex            #.......     24%         2    ##.....
 Conjure Flame            Conj/Fire      #.......     36%         3    ###....
 Mephitic Cloud           Conj/Pois/Air  #.......     38%         3    ###....


Dungeon Overview and Level Annotations

Branches:
Dungeon (2/15)

Altars:
Nemelex Xobeh

Annotations:
D:2 Natasha


Innate Abilities, Weirdness & Mutations

You are resistant to torment.
Your stone body is resilient. (AC +2)
You are immune to poison.
You resist negative energy. (rN+)
You are resistant to electric shocks. (rElec)
You can survive without breathing.
You are immune to petrification.
You are immune to rotting.


Message History

Aiming: Magic Dart (safe; 11% risk of failure)
Press: ? - help, Shift-Dir - straight line, f/p - Natasha
Aim: Natasha (heavily wounded)
The magic dart hits Natasha.
Natasha is severely wounded.
The bat hits you.
* * * LOW HITPOINT WARNING * * *
The bat hits you but does no damage. Natasha claws you.
* * * LOW HITPOINT WARNING * * *
Casting: Magic Dart (safe; 11% risk of failure)
Confirm with . or Enter, or press ? or * to list all spells.
You don't have enough magic to cast that spell.
Unknown command.
Firing (i - inventory)
f - 42 stones (quivered)
Press: ? - help, Shift-Dir - straight line, f/p - Natasha
Aim: Natasha (severely wounded)
You shoot a stone. The stone hits Natasha.
Natasha is severely wounded.
The bat hits you.
You die...

....... #.##
..... #..# .#
...###'###.#####
..........#.....#
..........#.....#
♣.........#.....#
..######..#.....#
. ##b#...(.#
#.@h...(#
##......#
.......#
...>....+
#...#....#
#...#....#
#...#....#
#...#....#


You could see Natasha and a bat.

Vanquished Creatures
  A worm (D:2)
  2 dart slugs (D:1)
  3 bats (D:1)
  A giant cockroach (D:1)
  2 goblins (D:1)
  2 hobgoblins (D:1)
  2 frilled lizards (D:1)
  2 kobolds
  A rat (D:1)
16 creatures vanquished.

Notes
Turn   | Place    | Note
-------+----------+-------------------------------------------
     0 | D:1      | ClockworkOrrery the Gargoyle Wizard began the quest for the
                  | Orb.
     0 | D:1      | Reached XP level 1. HP: 10/10 MP: 4/4
    80 | D:1      | Reached skill level 1 in Fighting
   154 | D:1      | Reached XP level 2. HP: 4/17 MP: 0/6
   765 | D:1      | Found a sparkling altar of Nemelex Xobeh.
  1714 | D:2      | Noticed Natasha
  1723 | D:2      | Slain by a bat

Levels and vault maps discovered:
D:1:      psy_arrival_conway, layout_basic, nemelex_altar_shiori
D:2:      layout_basic, makhleb_blood_cavern_becter, minitemple,
          chequers_ecumenical_altar_simple, nicolae_qazlal_style_of_elements,
          uniq_natasha, uniq_jessica

Skill      XL: |  1  2 |
---------------+-------+-----
Fighting       | 1 2 |  2.7
Dodging        | |  1.5
Stealth        | |  2.1
Spellcasting   | |  3.0
Conjurations   | |  1.1
Summonings     | |  0.8
Translocations | |  0.8

Action                   || total
-------------------------++-------
Melee: Unarmed           ||    24
 Fire: Hunting sling     ||    13
 Cast: Magic Dart        ||    48
  Eat: Chunk             ||     2
Armor: Robe              ||    19
Dodge: Dodged            ||    31
